 Dungeon Crawl Stone Soup version 0.28-a0-1206-g193881aaa2 (webtiles) character file.

Game seed: 7230935677343455843

219 blank1 the Chopper (level 5, -7/48 HPs)
             Began as a Hill Orc Fighter on Dec 21, 2021.
             Mangled by bande's ghost (13 damage)
             ... on level 3 of the Dungeon.
             The game lasted 00:03:52 (2932 turns).

blank1 the Chopper (Hill Orc Fighter)               Turns: 2932, Time: 00:03:52

Health: -7/48      AC:  8    Str: 21    XL:     5   Next: 96%
Magic:  5/5        EV: 10    Int:  8    God:
Gold:   81         SH:  4    Dex: 10    Spells: 4/4 levels left

rFire   . . .      SeeInvis .   i - +0 broad axe
rCold   . . .      Faith    .   c - +0 buckler
rNeg    . . .      Spirit   .   b - +0 scale mail
rPois   .          Reflect  .   (no helmet)
rElec   .          Harm     .   (no cloak)
rCorr   .          Rampage  .   (no gloves)
Will    .....                   e - +0 pair of boots
Stlth   ..........              (no amulet)
HPRegen 0.16/turn               (no ring)
MPRegen 0.09/turn               (no ring)

@: no status effects
A: no striking features
a: no special abilities


You were on level 3 of the Dungeon.
You visited 1 branch of the dungeon, and saw 3 of its levels.

You collected 81 gold pieces.

Inventory:

Hand Weapons
 i - a +0 broad axe (weapon)
Armour
 b - a +0 scale mail (worn)
 c - a +0 buckler (worn)
 e - a +0 pair of boots (worn)
Scrolls
 f - a scroll of teleportation {unknown}
 g - a scroll of vulnerability {unknown}
 h - a scroll of fear {unknown}
 k - a scroll of identify
Potions
 a - a potion of flight
 d - a potion of might
 j - 2 potions of curing
 l - 3 potions of brilliance {unknown}


   Skills:
 + Level 5.2 Fighting
 + Level 5.2 Axes
 - Level 4.0 Armour
 + Level 0.7 Dodging
 - Level 4.0 Shields


You had 4 spell levels left.
You didn't know any spells.
Your spell library was empty.

Dungeon Overview and Level Annotations

Branches:
Dungeon (3/15)

Altars:

Annotations:
D:3 bande's ghost, amateur GrFi


Message History

Bande's ghost is severely damaged.
Bande's ghost hits you but does no damage.
Bande's ghost barely misses you.
You hit bande's ghost but do no damage.
Bande's ghost is severely damaged.
Bande's ghost hits you but does no damage.
You hit bande's ghost.
Bande's ghost is severely damaged.
Bande's ghost hits you!
You hit bande's ghost but do no damage.
Bande's ghost is severely damaged.
Bande's ghost misses you. Bande's ghost hits you.
You barely miss bande's ghost.
Bande's ghost is severely damaged.
Bande's ghost hits you!
* * * LOW HITPOINT WARNING * * *
You miss bande's ghost.
Bande's ghost is severely damaged.
Bande's ghost closely misses you. Bande's ghost barely misses you.
You barely miss bande's ghost.
Bande's ghost is severely damaged.
Bande's ghost hits you.
* * * LOW HITPOINT WARNING * * *
You hit bande's ghost.
Bande's ghost is severely damaged.
Bande's ghost hits you.
* * * LOW HITPOINT WARNING * * *
You miss bande's ghost.
Bande's ghost is severely damaged.
Bande's ghost barely misses you. Bande's ghost closely misses you.
You miss bande's ghost.
Bande's ghost is severely damaged.
You block bande's ghost's attack.
You closely miss bande's ghost.
Bande's ghost is severely damaged.
Bande's ghost misses you.
You closely miss bande's ghost.
Bande's ghost is severely damaged.
Bande's ghost hits you!
You die...

#.# ##...##⌠##.....# #....
#.#
#...##...##....#####)...
#.#
#..##.....##.......#....
#.#
#..#⌠.!♣?.⌠#.......##..#
#.#
#..##.....##.......##..#
#.#
#...##...##........##..#
#.#
##....##.##..........#..#
#.#
#..#...#W#...........##.#
#.#
##.###...@...#..........>#
#.# #..#
##..............##### #.#
#.## ####...#.......##.#
#.# #.# ##########...).#
#.# #.# #####.# #.# #.#
#.## #.# #.# #.## #.# #.#
#.## #.###.# #...


You could see bande's ghost.

Vanquished Creatures
  A howler monkey (D:2)
  3 orc priests (D:3)
  An adder (D:2)
  A worm (D:3)
  A dart slug (D:2)
  4 orcs
  6 endoplasms
  2 giant cockroaches
  10 goblins
  10 hobgoblins
  3 jackals (D:1)
  10 kobolds
  3 quokkas
  A ball python (D:3)
  4 bats (D:2)
  3 frilled lizards
  6 rats
69 creatures vanquished.

Vanquished Creatures (others)
  5 plants (D:3)
5 creatures vanquished.

Grand Total: 74 creatures vanquished

Notes
Turn   | Place    | Note
-------+----------+-------------------------------------------
     0 | D:1      | blank1 the Hill Orc Fighter began the quest for the Orb.
     0 | D:1      | Reached XP level 1. HP: 19/19 MP: 1/1
   210 | D:1      | Reached XP level 2. HP: 27/27 MP: 2/2
   903 | D:2      | Noticed a howler monkey
   920 | D:2      | Killed a howler monkey
   921 | D:2      | Reached XP level 3. HP: 25/33 MP: 3/3
   921 | D:2      | Reached XP level 4. HP: 31/40 MP: 4/4
  1183 | D:2      | Found a faded altar of an unknown god.
  1965 | D:3      | Reached XP level 5. HP: 35/47 MP: 5/5
  1973 | D:3      | Reached skill level 5 in Fighting
  2130 | D:3      | Reached skill level 5 in Axes
  2440 | D:3      | Found a runed translucent door.
  2440 | D:3      | Noticed bande's ghost (amateur GrFi)
  2932 | D:3      | Mangled by bande's ghost

Illustrated notes

Levels and vault maps discovered:
D:1:      eino_arrival_water_star, layout_basic
D:2:      layout_loops_ring, basic_ecumenical_altar
D:3:      corexii_shack_village, layout_basic, hellmonk_ghost_happy_afterlife

Skill      XL: |  1  2  3  4  5 |
---------------+----------------+-----
Axes           | 3 4 5 |  5.2
Fighting       | 4 5 |  5.2
Shields        | 4 |  4.0
Armour         | 4 |  4.0
Dodging        | |  0.7

Action                   |  1- 3 |  4- 6 || total
-------------------------+-------+-------++-------
Melee: War axe           |    57 |    19 ||    76
       Broad axe         |       |   155 ||   155
  Use: Scroll            |       |     2 ||     2
Armor: Scale mail        |    29 |    72 ||   101
Dodge: Dodged            |    31 |    72 ||   103
Block: Buckler           |    21 |    32 ||    53

Table legend: (Time is in decaauts)
 A = Elapsed time spent in this place.
 B = Non-inter-level travel time spent in this place.
 C = Inter-level travel time spent in this place.
 D = Time resting spent in this place.
 E = Time spent auto-exploring this place.
 F = Levels seen in this place.
 G = Mean time per level.
                   A        B        C        D        E       F      G
               +--------+--------+--------+--------+--------+-----+--------+
         Total |   3017 |   2981 |     36 |    196 |   2179 |   3 | 1005.7 |
       Dungeon |   3017 |   2981 |     36 |    196 |   2179 |   3 | 1005.7 |
               +--------+--------+--------+--------+--------+-----+--------+

Top non-repeatable levels by time:
     D:3: 1116 daAuts
     D:2: 1090 daAuts
     D:1: 810 daAuts
